 Dungeon Crawl Stone Soup version 0.29.1-15-g9cfb28693d (webtiles) character file.

Game seed: 6441368856791244624

27 ThatPearl the Insei (level 2, -4/23 HPs)
             Began as a Demigod Transmuter on Mar 12, 2023.
             Slain by a gnoll
             ... wielding a +0 whip
              (8 damage)
             ... on level 1 of the Dungeon.
             The game lasted 00:01:40 (1270 turns).

ThatPearl the Insei (Demigod Transmuter)            Turns: 1270, Time: 00:01:41

Health: -4/23      AC:  2    Str: 11    XL:     2   Next: 72%
Magic:  6/7        EV: 12    Int: 15    God:
Gold:   88         SH:  0    Dex: 14    Spells: 4/5 levels left

rFire   . . .      SeeInvis .     - Unarmed
rCold   . . .      Faith    .   (no shield)
rNeg    . . .      Spirit   .   a - +0 robe
rPois   .          Reflect  .   (helmet currently unavailable)
rElec   .          Harm     .   (no cloak)
rCorr   .          Rampage  .   (no gloves)
Will    .....                   (boots currently unavailable)
Stlth   +.........              (no amulet)
HPRegen 0.07/turn               (no ring)
MPRegen 0.10/turn               (no ring)

@: appendages
A: horns 2, talons 2, high MP 1, forlorn, divine attributes
a: End Transformation


You were on level 1 of the Dungeon.
You had temporarily grown beastly horns and talons.
You visited 1 branch of the dungeon, and saw 2 of its levels.

You collected 88 gold pieces.

Inventory:

Missiles
 f - 20 stones
 g - 3 poisoned darts
Armour
 a - a +0 robe (worn)
Scrolls
 d - a scroll of identify {unknown}
 e - a scroll of butterflies {unknown}
 i - 2 scrolls of noise {unknown}
Potions
 b - a potion of lignification
 c - a potion of curing {unknown}
 h - a potion of flight {unknown}


   Skills:
 + Level 1.4 Fighting
 - Level 1.7 Dodging
 + Level 3.0 Unarmed Combat
 + Level 2.1 Spellcasting
 + Level 2.1 Transmutations


You had 4 spell levels left.
You knew the following spells:

 Your Spells              Type           Power      Damage    Failure   Level
a - Beastly Appendage     Tmut           16%        N/A       9%          1

Your spell library contained the following spells:

 Spells                   Type           Power      Damage    Failure   Level
 Wereblood                Tmut           8%         N/A       14%         2
 Spider Form              Tmut/Pois      4%         N/A       38%         3
 Ice Form                 Ice/Tmut       4%         N/A       80%         4


Dungeon Overview and Level Annotations

Branches:
Dungeon (2/15)


Innate Abilities, Weirdness & Mutations

You have temporarily grown beastly horns and talons.
You have an increased reservoir of magic. (+10% MP)
You shall have no god before yourself.
Your divine heritage dramatically boosts your attributes as you level up.


Message History

You hit the kobold.
You kill the kobold!
f - 20 stones (gained 5)
You see here a +0 short sword.
HP restored.
You now have 88 gold pieces (gained 7).
i - 2 scrolls labelled LILAYKH FUKIGENN (gained 1)
Found a book of Changes.
Found a stone staircase leading up.
A gnoll comes into view. It is wielding a +0 club.
The gnoll shouts!
A gnoll comes into view. It is wielding a +0 halberd.
There is a stone staircase leading up here.
A gnoll comes into view. It is wielding a +0 whip.
There is a stone staircase leading up here.
You hit the gnoll.
The gnoll is moderately wounded.
The gnoll closely misses you.
The gnoll shouts!
You hit the gnoll.
The gnoll is severely wounded.
The gnoll hits you with a +0 club.
You hit the gnoll.
You kill the gnoll!
Your Unarmed Combat skill increases to level 3!
You hit the gnoll. You punch the gnoll.
The gnoll is moderately wounded.
The gnoll hits you with a +0 whip.
You hit the gnoll.
The gnoll is moderately wounded.
The gnoll hits you with a +0 whip.
There is a stone staircase leading up here.
The gnoll hits you with a +0 whip!
* * * LOW HITPOINT WARNING * * *
You climb upwards.
There is a stone staircase leading down here.
Casting: Beastly Appendage (safe; 9% risk of failure)
Confirm with . or Enter, or press ? or * to list all spells.
You grow a pair of large bovine horns.
Your feet morph into talons.
The gnoll hits you with a +0 whip!
You die...

#........####'#######.#
..............#..#....#
.................#.####
............#....#.#
............#....#.#
......##'#..#....#.#
......##.#..#.#..#.#
......##.##...##.#.#
......##.##.#...@..#
......##.##.####g###
####+###.##....#.# ####.#
#.....#.#.#
...#.###.....#.#.#
...#...'.....#.#.#########
...#####.....#.#.........#
...#####.....#)#########.#
†..'...'.....#.#.....# #.#


You could see a gnoll.

Vanquished Creatures
  A gnoll (D:2)
  4 bats (D:1)
  A giant cockroach (D:1)
  A goblin (D:1)
  2 hobgoblins (D:1)
  A kobold (D:2)
  A quokka (D:1)
  2 frilled lizards (D:1)
  4 rats (D:1)
17 creatures vanquished.

Notes
Turn   | Place    | Note
-------+----------+-------------------------------------------
     0 | D:1      | ThatPearl the Demigod Transmuter began the quest for the
                  | Orb.
     0 | D:1      | Reached XP level 1. HP: 15/15 MP: 5/5
    68 | D:1      | Reached skill level 1 in Fighting
   576 | D:1      | Reached XP level 2. HP: 16/23 MP: 7/7
  1265 | D:2      | Reached skill level 3 in Unarmed Combat
  1270 | D:1      | Slain by a gnoll

Illustrated notes

Levels and vault maps discovered:
D:1:      amcnicky_arrival_blooded_trapdoor, layout_basic, minmay_fountain_box
D:2:      layout_basic

Skill      XL: |  1  2 |
---------------+-------+-----
Fighting       | 1 |  1.4
Transmutations | 2 |  2.1
Spellcasting   | 2 |  2.1
Unarmed Combat | 3 |  3.0
Dodging        | |  1.7

Action                   || total
-------------------------++-------
Melee: Unarmed           ||    56
       Punch             ||     2
 Cast: Beastly Appendage ||     1
 Stab: Sleeping          ||     1
Armor: Robe              ||    14
Dodge: Dodged            ||    55
